Map: Triton LE

Players

fearless

  • Race: Terran Terran
  • League: Diamond
  • Spawn Location: 5:00

ViBE - Winner!

  • Race: Terran Terran
  • League: Master
  • Spawn Location: 11:00

VOD

Have the link to the VOD?

Description

Time

  • Played on: Dec. 26, 2019, 6:15 p.m.
  • Length: 3:04
Show
View Real Time Build Order
Export as new Build Order

fearless Terran 

Build Orders:  

Get SALT Encoding   

  12  0:00  SCV  
  13  0:12  SCV  
  14  0:17  Supply Depot  
  14  0:24  SCV  
  15  0:39  SCV  
  16  0:49  Barracks  
  16  0:51  SCV  
  17  1:02  Barracks  
  17  1:03  SCV  
  18  1:16  Barracks  
  18  1:20  SCV  
  19  1:31  Supply Depot  
  19  1:32  SCV  
  20  1:44  Marine, SCV  
  22  1:54  Marine  
  23  1:56  SCV  
  24  2:02  Marine  
  24  2:03  Marine  
  26  2:09  SCV  
  26  2:11  Marine  
  28  2:17  Supply Depot  
  28  2:19  Marine  
  28  2:21  SCV  
  30  2:23  Marine  
  31  2:32  Marine  
  31  2:40  Refinery  
  29  2:58  Refinery  
Show
View Real Time Build Order
Export as new Build Order

ViBE Terran - Winner!

Build Orders: Reaper Expand 

Get SALT Encoding   

  12  0:00  SCV  
  13  0:12  SCV  
  14  0:18  Supply Depot  
  14  0:26  SCV  
  15  0:39  SCV  
  15  0:41  Barracks  
  16  0:46  Refinery  
  16  0:52  SCV  
  17  1:05  SCV  
  18  1:17  SCV  
  19  1:30  Orbital Command  
  19  1:31  Reaper  
  20  1:44  Bunker  
  20  1:57  SCV  
  20  2:00  Command Center  
  21  2:09  Marine  
  21  2:10  SCV  
  23  2:21  Barracks  
  23  2:25  Supply Depot  
  23  2:39  SCV  
  23  2:46  Marine  
  24  2:51  Command Center  
Tags
 
Add a new tag
Caveats
  • Supply blocks, unpowered buildings, or Contaminate may cause inaccurate times.
  • Supply counts are checked every 10 seconds.